[ AOE2 MATCH · #504969137 ]
UnrankedBulgarians vs Chinese
Player's team · LOSS
Rival team · WIN
[ REPLAY ANALYSIS · EXTRACTED FROM THE RECORDED GAME ]
Feudal
9:41
Castle
24:13
Imperial
51:42
| APM avg | 43.0 |
| APM peak | 93 |
| eAPM avg | 22.9 |
| Villagers / military | 177 / 297 |
Focus
⚔️ 32.9% · 🌾 67.1%
Knight ×118 · Konnik ×69 · Skirmisher ×46 · Spearman ×32 · Militia ×16 · Scout Cavalry ×14
Feudal
9:24
Castle
25:00
Imperial
50:21
| APM avg | 71.3 |
| APM peak | 120 |
| eAPM avg | 41.4 |
| Villagers / military | 291 / 378 |
Focus
⚔️ 33.9% · 🌾 66.1%
Scout Cavalry ×125 · Knight ×93 · Chu Ko Nu ×60 · Archer ×37 · Spearman ×36 · Trebuchet (Packed) ×14
Match map
Initial resources + every placement click. Lines = walls · curves = elevation contours. ◆ gold · ⬟ stone · ● berries · ✦ relic · ◌ wall gap
Your base· ✓ Closed at 24:13 · 58t walls · no gate
TUAN's base· ✓ Closed at 25:00 · 55t walls · 1 gate(s)
Smoothed initial terrain · ◌ = detected wall gap · hover for details
Inputs per minute
— (***AlBy_Bkr***) - - TUAN
Build order — (***AlBy_Bkr***)
First 150 of 564 actions detected
| 0:00 | Create | Villager (Male) |
| 0:01 | Create | Villager (Male) |
| 0:01 | Create | Villager (Male) |
| 0:01 | Create | Villager (Male) |
| 0:02 | Create | Villager (Male) |
| 0:02 | Build | House |
| 0:04 | Build | House |
| 1:33 | Create | Villager (Male) |
| 1:33 | Create | Villager (Male) |
| 1:58 | Create | Villager (Male) |
| 2:23 | Build | Lumber Camp |
| 2:27 | Create | Villager (Male) |
| 2:28 | Create | Villager (Male) |
| 2:28 | Create | Villager (Male) |
| 2:36 | Build | House |
| 2:43 | Create | Villager (Male) |
| 2:44 | Create | Villager (Male) |
| 2:44 | Create | Villager (Male) |
| 3:02 | Create | Villager (Male) |
| 3:43 | Create | Villager (Male) |
| 3:43 | Create | Villager (Male) |
| 4:12 | Create | Villager (Male) |
| 4:40 | Build | House |
| 4:58 | Create | Villager (Male) |
| 5:16 | Create | Villager (Male) |
| 5:16 | Create | Villager (Male) |
| 5:34 | Create | Villager (Male) |
| 5:34 | Create | Villager (Male) |
| 5:35 | Research | Loom |
| 6:07 | Build | Barracks |
| 7:20 | Research | Feudal Age |
| 7:20 | Research | Feudal Age |
| 7:26 | Create | Militia |
| 7:31 | Build | Mill |
| 7:43 | Create | Militia |
| 7:44 | Create | Militia |
| 8:00 | Create | Militia |
| 8:09 | Build | House |
| 8:19 | Create | Militia |
| 8:19 | Create | Militia |
| 8:25 | Build | Palisade Wall |
| 9:00 | Create | Villager (Male) |
| 9:14 | Create | Villager (Male) |
| 9:41 | Age | Feudal Age |
| 9:42 | Build | Archery Range |
| 9:43 | Create | Villager (Male) |
| 9:45 | Build | Blacksmith |
| 9:52 | Build | Farm |
| 9:56 | Build | House |
| 10:13 | Research | Scale Mail Armor |
| 10:40 | Research | Forging |
| 10:40 | Research | Forging |
| 10:40 | Research | Forging |
| 10:46 | Build | Farm |
| 10:47 | Build | Farm |
| 10:58 | Build | Farm |
| 11:10 | Create | Villager (Male) |
| 11:11 | Build | Farm |
| 11:19 | Create | Villager (Male) |
| 12:10 | Create | Skirmisher |
| 12:13 | Create | Villager (Male) |
| 12:14 | Build | Farm |
| 12:16 | Build | Farm |
| 12:26 | Create | Militia |
| 12:35 | Build | House |
| 12:40 | Build | Palisade Wall |
| 12:43 | Create | Villager (Male) |
| 12:51 | Create | Skirmisher |
| 12:58 | Create | Villager (Male) |
| 13:07 | Build | Palisade Wall |
| 13:16 | Build | Palisade Wall |
| 13:17 | Create | Skirmisher |
| 13:22 | Create | Villager (Male) |
| 13:37 | Create | Villager (Male) |
| 13:41 | Build | Stable |
| 13:55 | Create | Villager (Male) |
| 14:10 | Create | Skirmisher |
| 14:11 | Create | Villager (Male) |
| 14:13 | Build | Farm |
| 14:13 | Build | Farm |
| 14:32 | Build | Palisade Wall |
| 14:33 | Build | Palisade Wall |
| 14:34 | Build | Palisade Wall |
| 14:44 | Research | Padded Archer Armor |
| 14:47 | Create | Skirmisher |
| 14:48 | Create | Villager (Male) |
| 15:07 | Create | Scout Cavalry |
| 15:08 | Create | Scout Cavalry |
| 15:34 | Create | Villager (Male) |
| 15:36 | Build | Farm |
| 15:37 | Build | Farm |
| 15:38 | Build | Farm |
| 15:40 | Create | Scout Cavalry |
| 15:52 | Build | Palisade Wall |
| 16:05 | Create | Villager (Male) |
| 16:12 | Build | House |
| 16:20 | Create | Scout Cavalry |
| 16:26 | Create | Villager (Male) |
| 16:27 | Build | Farm |
| 16:35 | Build | Mining Camp |
| 16:41 | Create | Scout Cavalry |
| 16:56 | Build | Palisade Wall |
| 16:58 | Create | Villager (Male) |
| 17:00 | Build | Farm |
| 17:07 | Build | Farm |
| 17:13 | Build | Palisade Wall |
| 17:24 | Create | Scout Cavalry |
| 17:24 | Create | Villager (Male) |
| 17:26 | Build | Farm |
| 17:39 | Research | Scale Barding Armor |
| 17:39 | Research | Scale Barding Armor |
| 17:40 | Research | Scale Barding Armor |
| 17:43 | Create | Villager (Male) |
| 17:48 | Build | Mill |
| 17:55 | Create | Villager (Male) |
| 18:25 | Create | Villager (Male) |
| 18:26 | Build | Farm |
| 18:27 | Build | Farm |
| 18:32 | Build | Palisade Wall |
| 18:38 | Build | Farm |
| 18:47 | Create | Villager (Male) |
| 18:49 | Build | Palisade Wall |
| 19:09 | Create | Villager (Male) |
| 19:28 | Build | Farm |
| 19:28 | Build | Farm |
| 19:35 | Build | House |
| 19:37 | Research | Wheelbarrow |
| 19:37 | Research | Wheelbarrow |
| 20:04 | Create | Villager (Male) |
| 20:26 | Create | Villager (Male) |
| 20:26 | Build | Farm |
| 20:27 | Build | Farm |
| 20:48 | Create | Villager (Male) |
| 21:14 | Build | Market |
| 21:31 | Research | Castle Age |
| 21:31 | Research | Castle Age |
| 21:39 | Research | Double-Bit Axe |
| 21:46 | Build | Palisade Wall |
| 21:58 | Build | Mining Camp |
| 22:10 | Create | Militia |
| 22:11 | Create | Militia |
| 22:11 | Create | Militia |
| 22:21 | Research | Fletching |
| 22:21 | Research | Fletching |
| 22:23 | Create | Villager (Male) |
| 22:42 | Build | House |
| 22:45 | Build | Stable |
| 22:47 | Create | Militia |
| 23:16 | Create | Militia |
| 23:16 | Create | Militia |
Build order — TUAN
First 150 of 845 actions detected
| 0:01 | Research | Loom |
| 0:01 | Research | Loom |
| 0:59 | Create | Villager (Male) |
| 0:59 | Create | Villager (Male) |
| 1:22 | Create | Villager (Male) |
| 1:22 | Create | Villager (Male) |
| 1:38 | Create | Villager (Male) |
| 2:06 | Create | Villager (Male) |
| 2:11 | Build | Lumber Camp |
| 2:38 | Create | Villager (Male) |
| 2:38 | Create | Villager (Male) |
| 2:46 | Create | Villager (Male) |
| 2:47 | Create | Villager (Male) |
| 3:13 | Create | Villager (Male) |
| 3:13 | Create | Villager (Male) |
| 3:33 | Build | House |
| 3:38 | Build | House |
| 3:46 | Create | Villager (Male) |
| 3:46 | Create | Villager (Male) |
| 4:06 | Create | Villager (Male) |
| 4:56 | Build | Mill |
| 4:57 | Create | Villager (Male) |
| 4:58 | Create | Villager (Male) |
| 4:58 | Create | Villager (Male) |
| 5:45 | Create | Villager (Male) |
| 5:46 | Create | Villager (Male) |
| 6:14 | Build | Mining Camp |
| 6:39 | Create | Villager (Male) |
| 7:12 | Research | Feudal Age |
| 7:52 | Create | Villager (Male) |
| 8:15 | Build | Barracks |
| 8:25 | Build | House |
| 8:28 | Build | Palisade Wall |
| 8:31 | Create | Villager (Male) |
| 8:38 | Build | Palisade Wall |
| 8:41 | Create | Villager (Male) |
| 9:17 | Build | Palisade Wall |
| 9:19 | Build | Palisade Wall |
| 9:24 | Age | Feudal Age |
| 9:32 | Build | Palisade Wall |
| 9:33 | Build | Palisade Wall |
| 9:42 | Build | Archery Range |
| 9:43 | Create | Villager (Male) |
| 9:50 | Create | Villager (Male) |
| 10:13 | Create | Villager (Male) |
| 10:30 | Create | Villager (Male) |
| 10:36 | Create | Archer |
| 10:36 | Create | Archer |
| 10:36 | Create | Villager (Male) |
| 11:00 | Create | Archer |
| 11:11 | Build | Farm |
| 11:20 | Create | Archer |
| 11:50 | Create | Villager (Male) |
| 12:16 | Build | Farm |
| 12:19 | Build | Stable |
| 12:29 | Create | Villager (Male) |
| 12:33 | Build | Farm |
| 12:52 | Create | Villager (Male) |
| 12:54 | Build | House |
| 13:01 | Create | Villager (Male) |
| 13:32 | Build | House |
| 13:36 | Create | Scout Cavalry |
| 13:40 | Build | Farm |
| 13:42 | Build | Farm |
| 13:45 | Build | House |
| 13:47 | Create | Villager (Male) |
| 14:00 | Create | Scout Cavalry |
| 14:21 | Build | Blacksmith |
| 14:22 | Create | Villager (Male) |
| 14:26 | Build | Farm |
| 14:29 | Create | Villager (Male) |
| 14:39 | Research | Double-Bit Axe |
| 15:03 | Build | Farm |
| 15:03 | Create | Villager (Male) |
| 15:15 | Build | House |
| 15:33 | Create | Villager (Male) |
| 15:33 | Create | Villager (Male) |
| 15:39 | Build | Market |
| 15:41 | Build | House |
| 15:42 | Build | Palisade Wall |
| 15:57 | Build | Palisade Gate |
| 16:01 | Build | Palisade Wall |
| 16:05 | Create | Villager (Male) |
| 16:06 | Create | Villager (Male) |
| 16:06 | Create | Villager (Male) |
| 16:07 | Build | Farm |
| 16:10 | Build | Farm |
| 16:18 | Create | Archer |
| 16:28 | Build | Palisade Wall |
| 16:33 | Create | Villager (Male) |
| 16:35 | Build | Farm |
| 16:38 | Build | Palisade Wall |
| 16:42 | Build | Palisade Wall |
| 16:43 | Build | Palisade Wall |
| 16:45 | Build | Palisade Wall |
| 17:01 | Build | House |
| 17:04 | Build | Farm |
| 17:04 | Create | Villager (Male) |
| 17:22 | Create | Villager (Male) |
| 17:26 | Build | Farm |
| 17:30 | Build | Farm |
| 17:36 | Research | Fletching |
| 17:37 | Create | Villager (Male) |
| 17:41 | Create | Archer |
| 17:41 | Create | Archer |
| 17:48 | Build | House |
| 17:51 | Build | Palisade Wall |
| 17:54 | Build | Palisade Wall |
| 18:12 | Create | Villager (Male) |
| 18:13 | Create | Spearman |
| 18:15 | Create | Scout Cavalry |
| 18:16 | Build | Farm |
| 18:32 | Create | Villager (Male) |
| 18:37 | Build | Farm |
| 18:49 | Build | House |
| 18:49 | Create | Archer |
| 19:13 | Create | Villager (Male) |
| 19:35 | Create | Villager (Male) |
| 19:37 | Research | Horse Collar |
| 19:47 | Build | Farm |
| 19:53 | Build | House |
| 19:56 | Create | Archer |
| 19:56 | Create | Archer |
| 19:58 | Create | Villager (Male) |
| 20:12 | Create | Scout Cavalry |
| 20:28 | Create | Villager (Male) |
| 20:38 | Create | Villager (Male) |
| 20:40 | Create | Archer |
| 20:41 | Create | Villager (Male) |
| 20:43 | Build | Farm |
| 20:59 | Build | Lumber Camp |
| 21:10 | Create | Archer |
| 21:25 | Create | Villager (Male) |
| 21:44 | Create | Archer |
| 21:58 | Build | Farm |
| 22:01 | Research | Castle Age |
| 22:14 | Build | Lumber Camp |
| 22:26 | Create | Archer |
| 22:26 | Create | Archer |
| 22:30 | Research | Bloodlines |
| 22:34 | Build | Farm |
| 22:54 | Create | Archer |
| 22:54 | Create | Archer |
| 22:56 | Research | Forging |
| 23:26 | Create | Archer |
| 23:28 | Create | Villager (Male) |
| 23:30 | Build | Farm |
| 23:33 | Research | Scale Barding Armor |
| 23:36 | Create | Archer |
| 23:48 | Create | Archer |
Match timeline
| 6:07 | (***AlBy_Bkr***) · first_building Barracks |
| 8:15 | TUAN · first_building Barracks |
| 8:25 | (***AlBy_Bkr***) · wall_segment Palisade Wall x1 |
| 8:28 | TUAN · wall_segment Palisade Wall x5 |
| 8:38 | TUAN · wall_segment Palisade Wall x9 |
| 9:17 | TUAN · wall_segment Palisade Wall x1 |
| 9:19 | TUAN · wall_segment Palisade Wall x1 |
| 9:24 | TUAN · age_up feudal |
| 9:32 | TUAN · wall_segment Palisade Wall x1 |
| 9:33 | TUAN · wall_segment Palisade Wall x1 |
| 9:41 | (***AlBy_Bkr***) · age_up feudal |
| 9:42 | (***AlBy_Bkr***) · first_building Archery Range |
| 9:42 | TUAN · first_building Archery Range |
| 12:19 | TUAN · first_building Stable |
| 12:40 | (***AlBy_Bkr***) · wall_segment Palisade Wall x10 |
| 13:07 | (***AlBy_Bkr***) · wall_segment Palisade Wall x10 |
| 13:16 | (***AlBy_Bkr***) · wall_segment Palisade Wall x13 |
| 13:41 | (***AlBy_Bkr***) · first_building Stable |
| 14:32 | (***AlBy_Bkr***) · wall_segment Palisade Wall x13 |
| 14:33 | (***AlBy_Bkr***) · wall_segment Palisade Wall x1 |
| 14:34 | (***AlBy_Bkr***) · wall_segment Palisade Wall x1 |
| 15:42 | TUAN · wall_segment Palisade Wall x1 |
| 15:52 | (***AlBy_Bkr***) · wall_segment Palisade Wall x3 |
| 16:01 | TUAN · wall_segment Palisade Wall x1 |
| 16:28 | TUAN · wall_segment Palisade Wall x10 |
| 16:38 | TUAN · wall_segment Palisade Wall x3 |
| 16:42 | TUAN · wall_segment Palisade Wall x5 |
| 16:43 | TUAN · wall_segment Palisade Wall x5 |
| 16:45 | TUAN · wall_segment Palisade Wall x4 |
| 16:56 | (***AlBy_Bkr***) · wall_segment Palisade Wall x1 |
| 17:13 | (***AlBy_Bkr***) · wall_segment Palisade Wall x1 |
| 17:51 | TUAN · wall_segment Palisade Wall x5 |
| 17:54 | TUAN · wall_segment Palisade Wall x4 |
| 18:32 | (***AlBy_Bkr***) · wall_segment Palisade Wall x3 |
| 18:49 | (***AlBy_Bkr***) · wall_segment Palisade Wall x1 |
| 19:34 | TUAN · first_market_sell 100 wood |
| 21:46 | (***AlBy_Bkr***) · wall_segment Palisade Wall x1 |
| 24:13 | (***AlBy_Bkr***) · age_up castle |
| 25:00 | TUAN · age_up castle |
| 25:19 | (***AlBy_Bkr***) · first_market_sell 100 stone |
| 25:28 | TUAN · first_building Monastery |
| 25:35 | (***AlBy_Bkr***) · first_building Krepost |
| 25:50 | (***AlBy_Bkr***) · first_market_buy 100 food |
| 26:51 | (***AlBy_Bkr***) · wall_segment Palisade Wall x1 |
| 28:14 | TUAN · first_market_buy 100 wood |
| 30:12 | TUAN · wall_segment Stone Wall x1 |
| 30:13 | TUAN · wall_segment Stone Wall x1 |
| 30:14 | TUAN · wall_segment Stone Wall x1 |
| 35:11 | TUAN · first_building Castle |
| 39:39 | (***AlBy_Bkr***) · wall_segment Palisade Wall x4 |
| 39:40 | (***AlBy_Bkr***) · wall_segment Palisade Wall x1 |
| 42:20 | TUAN · first_building Siege Workshop |
| 45:20 | TUAN · wall_segment Stone Wall x2 |
| 45:23 | TUAN · wall_segment Stone Wall x1 |
| 50:21 | TUAN · age_up imperial |
| 50:24 | (***AlBy_Bkr***) · first_building Monastery |
| 51:42 | (***AlBy_Bkr***) · age_up imperial |
| 52:25 | (***AlBy_Bkr***) · wall_segment Palisade Wall x1 |
| 52:54 | (***AlBy_Bkr***) · wall_segment Palisade Wall x1 |
| 52:56 | (***AlBy_Bkr***) · wall_segment Palisade Wall x1 |
| 54:21 | TUAN · wall_segment Stone Wall x17 |
| 54:27 | TUAN · wall_segment Stone Wall x8 |
| 56:40 | TUAN · wall_segment Stone Wall x4 |
| 56:41 | TUAN · wall_segment Stone Wall x4 |
| 57:05 | (***AlBy_Bkr***) · first_building Castle |
| 58:46 | TUAN · wall_segment Stone Wall x6 |
| 58:51 | TUAN · wall_segment Stone Wall x3 |
| 62:37 | TUAN · wall_segment Stone Wall x6 |
| 62:42 | TUAN · wall_segment Stone Wall x7 |
| 63:01 | TUAN · wall_segment Stone Wall x5 |
| 63:02 | TUAN · wall_segment Stone Wall x5 |
| 64:44 | TUAN · wall_segment Stone Wall x3 |
| 64:50 | TUAN · wall_segment Stone Wall x7 |
| 67:12 | (***AlBy_Bkr***) · wall_segment Palisade Wall x1 |
| 67:13 | (***AlBy_Bkr***) · wall_segment Palisade Wall x1 |
| 70:49 | (***AlBy_Bkr***) · resign |
[ AI ANALYSIS · 1 CREDIT ]
What really happened in this match?
Wolo.gg analyzes every decision: build order, eco, micro, common mistakes by bracket. Personalized analysis on WhatsApp or Discord in 30 seconds.
Civ guide
Bulgarians
Perfil
Jugador #1444796